Map: Dusk Towers

Players

paNix - Winner!

  • Race: Terran Terran
  • League: Platinum

LilDicky

  • Race: Terran Terran
  • League: Diamond

VOD

http://www.twitch.tv/tumescentpie

Description

Time

  • Played on: Dec. 2, 2015, 2:19 a.m.
  • Length: 9:51
Show
View Real Time Build Order
Export as new Build Order

paNix Terran - Winner!

Build Orders: 1/1/1, Cyclone Opening 

Get SALT Encoding   

  12  0:01  SCV  
  13  0:13  SCV  
  14  0:18  Supply Depot  
  14  0:24  Refinery  
  14  0:28  SCV  
  15  0:40  SCV  
  16  0:47  Barracks  
  16  0:53  SCV  
  17  1:00  Supply Depot  
  17  1:05  SCV  
  18  1:17  SCV  
  19  1:29  SCV  
  20  1:35  Factory  
  20  1:37  Marine  
  21  1:43  Refinery  
  21  1:47  Orbital Command  
  21  2:06  Barracks Reactor  
  21  2:13  SCV  
  22  2:20  Starport  
  22  2:22  Factory Tech Lab  
  22  2:28  SCV  
  23  2:40  SCV  
  24  2:44  Marine  
  24  2:52  Cyclone  
  26  3:01  SCV  
  26  3:02  Marine x2  
  27  3:13  SCV  
  27  3:20  Marine  
  27  3:24  Engineering Bay  
  27  3:26  SCV  
  29  3:28  Marine  
  30  3:38  SCV  
  30  3:39  Supply Depot  
  31  3:50  Supply Depot  
  31  3:56  Missile Turret  
  31  4:00  SCV, Cyclone, Medivac, Marine x2  
  39  4:07  Supply Depot  
  39  4:10  Terran Infantry Weapons Level 1  
  39  4:12  SCV  
  40  4:18  Marine x2  
  41  4:35  Marine x2  
  43  4:42  Command Center  
  43  4:53  Marine x2  
  45  5:01  Missile Turret  
  45  5:06  SCV  
  46  5:08  Starport Reactor  
  46  5:11  Marine x2  
  48  5:18  SCV  
  49  5:26  Supply Depot  
  49  5:29  Marine x2  
  49  5:33  Siege Tank  
  54  5:36  Liberator  
  54  5:38  SCV  
  55  5:47  Marine  
  56  5:50  SCV  
  56  5:55  SCV  
  61  6:01  Medivac  
  63  6:04  SCV  
  63  6:10  Terran Infantry Armor Level 1  
  64  6:15  Orbital Command  
  63  6:35  Medivac  
  63  6:36  Medivac  
  63  6:37  Marine x2  
  69  6:42  Barracks  
  69  6:46  Barracks  
  69  6:55  Marine x2  
  69  6:57  SCV  
  72  7:03  Supply Depot  
  72  7:05  SCV, Medivac  
  72  7:06  Medivac  
  77  7:09  Refinery  
  77  7:12  SCV, Refinery  
  78  7:25  Marine x2  
  80  7:36  Marine x2  
  82  7:39  Siege Tank  
  82  7:43  Marine  
  86  7:56  Marine  
  76  8:11  Siege Tank  
  68  8:17  Marine x2  
  68  8:18  Barracks Tech Lab  
  70  8:20  Barracks Reactor  
  70  8:42  Command Center  
  70  9:09  Marine  
  70  9:11  SCV x2  
  62  9:19  Marine  
  62  9:20  Marine x2  
  62  9:23  SCV x2  
  61  9:27  Marine  
Show
View Real Time Build Order
Export as new Build Order

LilDicky Terran 

Build Orders: MMM Bio 

Get SALT Encoding   

  12  0:05  SCV  
  13  0:17  SCV  
  14  0:27  Supply Depot  
  14  0:30  SCV  
  14  0:33  Refinery  
  15  0:48  SCV  
  16  0:53  Barracks  
  16  1:01  SCV  
  17  1:13  SCV  
  19  1:27  SCV  
  19  1:34  Barracks  
  19  1:35  Barracks  
  19  1:39  Reaper  
  20  1:43  Orbital Command  
  20  1:54  Supply Depot  
  19  2:02  Refinery  
  19  2:09  SCV  
  19  2:12  Reaper  
  21  2:23  Reaper  
  21  2:28  Reaper  
  21  2:29  SCV  
  24  2:35  Supply Depot  
  24  2:44  Reaper  
  25  2:55  Reaper  
  25  3:35  SCV  
  25  3:37  Barracks Tech Lab  
  25  3:38  Barracks Tech Lab  
  25  3:39  Barracks Reactor  
  23  3:44  Command Center, Engineering Bay  
  23  3:48  SCV  
  24  3:57  Combat Shields, Stimpack  
  24  3:58  Marauder x2  
  24  4:00  SCV  
  29  4:12  SCV  
  30  4:22  Marauder x2, Marine x2  
  35  4:32  SCV  
  35  4:39  Missile Turret  
  35  4:40  Marine  
  35  4:41  Marine  
  35  4:44  SCV  
  38  4:52  Supply Depot  
  38  4:56  Marauder x2  
  38  4:58  Orbital Command  
  42  5:01  Marine  
  43  5:08  Factory  
  43  5:11  Marine  
  43  5:12  SCV  
  45  5:17  Reaper  
  45  5:18  Marine  
  47  5:23  Marine  
  47  5:24  SCV  
  49  5:30  Marine  
  50  5:37  Marauder  
  50  5:39  SCV  
  50  5:41  SCV  
  54  5:46  Supply Depot  
  54  5:49  Marauder, Marine  
  57  5:50  Marine  
  58  5:58  Marauder  
  58  6:03  Factory Reactor, Starport  
  60  6:07  SCV, Marine  
  60  6:09  SCV  
  60  6:10  Marauder  
  65  6:13  Supply Depot  
  65  6:15  Concussive Shells  
  65  6:18  Marine  
  66  6:21  Marauder  
  66  6:22  Supply Depot  
  68  6:32  Marine  
  69  6:33  Marauder  
  69  6:35  Marine  
  71  6:43  Marauder  
  73  6:47  Supply Depot x2  
  73  6:50  Marine  
  73  6:54  Medivac x2  
  78  6:59  Supply Depot, SCV x2  
  80  7:01  Marine  
  80  7:07  Widow Mine  
  83  7:12  Marine  
  83  7:13  Marauder x2  
  84  7:24  Viking x2  
  84  7:26  SCV  
  88  7:36  Marauder x2, Marine  
  51  8:16  Marauder x2, Marine x2  
  52  8:26  Command Center  
  52  8:27  Barracks  
  52  8:28  SCV x2, Barracks  
  54  8:34  Marine x2  
  54  8:37  Marine  
  54  8:38  Marauder  
  54  8:40  SCV x2  
  61  8:44  Medivac  
  63  8:49  Refinery  
  63  8:50  Refinery  
  63  8:52  Marine  
  63  8:54  SCV  
  63  8:55  SCV  
  66  8:56  Marauder, Marine  
  66  8:59  Marauder  
  77  9:02  Medivac  
  73  9:10  Marine  
  64  9:19  Marine x2  
  64  9:20  Marauder  
  64  9:23  Marine x2  
  55  9:30  Marine  
Tags
 
Add a new tag
Caveats
  • Supply blocks, unpowered buildings, or Contaminate may cause inaccurate times.
  • Supply counts are checked every 10 seconds.